Sharks vs Stars

Created - Thursday, October 16, 2014 at 20:50

Goals
1 2 3 T
Sharks 0 1 0 1
Stars 0 1 2 3
Shots
1 2 3 T
Sharks 9 10 12 31
Stars 7 5 16 28

1st period

No Goal

Penalties :
Jamie Oleksiak (TEX) for Fighting (Major) at 1:05, Mike Halmo (WOR) for Fighting (Major) at 1:05, Carter Bancks (TEX) for High sticking (Minor) at 14:19, Alexandre Bolduc (WOR) for Holding (Minor) at 15:34

2nd period

1. Sharks , Ryan Hamilton 1 (Tom Kostopoulos, Marek Hrivik) at 4:20
2. Stars , Spencer Machacek 1 (Carlo Colaiacovo, Zac Dalpe) at 13:39

Penalties :
Spencer Machacek (TEX) for Holding (Minor) at 1:05, Steven Delisle (TEX) for Fighting (Major) at 6:30, Joey Mormina (WOR) for Fighting (Major) at 6:30, Carter Bancks (TEX) for Hooking (Minor) at 10:03, Patrik Nemeth (TEX) for Fighting (Major) at 12:18, Joey Mormina (WOR) for Fighting (Major) at 12:18, Steven Delisle (TEX) for Fighting (Major) at 12:26, Brendan Mikkelson (WOR) for Fighting (Major) at 12:26

3rd period

3. Stars , Brad Malone 1 (Carlo Colaiacovo, Alexandre Grenier) at 11:59
4. Stars , Justin Shugg 1 (Zac Dalpe, Spencer Machacek) at 19:46 (Empty Net)

Penalties :
Steven Delisle (TEX) for Tripping (Minor) at 4:06, Bobby Farnham (WOR) for Interference (Minor) at 12:08, Jamie Oleksiak (TEX) for Fighting (Major) at 17:19, Wade Brookbank (WOR) for Fighting (Major) at 17:19, Jamie Oleksiak (TEX) for instigated a fight (Minor) at 17:19, Jamie Oleksiak (TEX) for instigated a fight (10 Minutes Misconduct) at 17:19

Goalie Stats

Dov Grumet-Morris (WOR), 25 saves from 27 shots - (0.926), L, 3-2-0, 59:18 minutes
Joey MacDonald (TEX), 30 saves from 31 shots - (0.968), W, 3-1-0, 60:00 minutes

Players Stats for Sharks

Player Name              G  A  P  +/- PIM S  H  SB GA TA FO     MP     PP MP  PK MP  
------------------------------------------------------------------------------------
Alexandre Bolduc         0  0  0  -1  2   2  4  0  3  1  9/15   22:14   4:36   1:08 
Bobby Farnham            0  0  0   0  2   2  1  0  2  0  7/16   15:33   0:00   0:11 
Brendan Mikkelson        0  0  0   1  5   0  1  1  1  1  0/0    24:05   3:38   1:22 
David van der Gulik      0  0  0  -1  0   2  1  1  2  0  0/1    20:11   4:29   0:00 
Eric Selleck             0  0  0   0  0   0  0  0  0  0  0/0     0:22   0:00   0:00 
Farm Player14            0  0  0  -1  0   0  0  0  0  0  0/0    15:56   0:00   0:57 
Farm Player19            0  0  0  -1  0   0  0  0  0  0  0/0    15:41   0:00   0:00 
Joey Mormina             0  0  0  -1  10  0  1  1  0  0  0/0    17:11   4:34   1:52 
John Kurtz               0  0  0   0  0   0  0  0  0  0  0/0     0:00   0:00   0:00 
Louis Leblanc            0  0  0  -2  0   0  2  1  1  0  2/9    17:47   4:34   0:00 
Luke Glendening          0  0  0   0  0   0  2  0  1  1  2/5    23:13   4:37   1:12 
Marek Hrivik             0  1  1   0  0   6  0  0  2  0  0/0    16:03   0:00   0:54 
Mark Barberio            0  0  0   1  0   7  2  2  5  0  0/0    26:29   3:38   1:22 
Mike Halmo               0  0  0  -2  5   5  2  1  3  0  1/1    15:24   4:34   0:00 
Patrick McNeill          0  0  0  -2  0   0  0  3  1  3  0/0    23:07   5:33   1:52 
Ryan Hamilton            1  0  1   1  0   1  0  0  0  0  0/0     7:03   0:08   0:54 
Tom Kostopoulos          0  1  1  -1  0   6  0  1  0  0  0/1    20:58   4:34   1:12 
Wade Brookbank           0  0  0  -1  5   0  0  2  0  1  0/0    14:33   0:59   0:00 

Players Stats for Stars

Player Name              G  A  P  +/- PIM S  H  SB GA TA FO     MP     PP MP  PK MP  
------------------------------------------------------------------------------------
Alexandre Grenier        0  1  1   0  0   1  2  1  1  2  0/0    16:20   1:52   0:00 
Austin Madaisky          0  0  0   0  0   0  0  1  0  2  0/0    16:56   0:27   0:00 
Brad Malone              1  0  1   0  0   5  2  0  1  0  7/11   19:27   1:31   3:20 
Brett Ponich             0  0  0   0  0   0  0  0  0  0  0/0     6:31   0:00   0:00 
Cameron Gaunce           0  0  0   0  0   1  2  2  0  2  0/0    18:52   1:04   2:29 
Carlo Colaiacovo         0  2  2   3  0   3  2  0  0  0  0/0    27:39   1:43   6:42 
Carter Bancks            0  0  0   0  4   1  1  1  1  0  1/1    16:30   0:26   1:22 
Jamie Oleksiak           0  0  0   2  22  0  2  0  0  0  0/0    20:48   2:10   5:15 
Joonas Rask              0  0  0   0  0   0  0  0  0  0  0/0     0:00   0:00   0:00 
Justin Shugg             1  0  1   2  0   5  0  0  0  2  0/0    16:41   0:56   2:16 
Matt Watkins             0  0  0   0  0   2  3  0  0  0  0/0    16:20   1:52   0:00 
Michael Davies           0  0  0   0  0   1  2  1  3  1  0/0    15:02   0:50   0:00 
Patrik Nemeth            0  0  0   0  5   0  0  0  0  0  0/0    15:17   1:04   1:57 
Spencer Machacek         1  1  2   2  2   4  3  0  2  1  4/9    23:22   0:56   4:38 
Steven Delisle           0  0  0  -1  12  0  3  0  0  1  0/0    14:11   0:00   2:01 
Vinny Saponari           0  0  0   0  0   0  0  0  0  0  0/1     7:58   0:26   0:00 
Wacey Hamilton           0  0  0   0  0   0  1  1  1  2  6/10   14:42   0:00   0:22 
Zac Dalpe                0  2  2   2  0   5  1  0  3  1  9/16   23:17   0:53   6:24 

3 Stars

1 - Joey MacDonald (TEX)
2 - Carlo Colaiacovo (TEX)
3 - Spencer Machacek (TEX)

Power Play

Sharks - 0 on 5 Attempt(s) - 0.00%
Stars - 0 on 2 Attempt(s) - 0.00%

Penalty Kill

Sharks - 2 on 2 Attempt(s) - 100.00% - Score 0 goal in Penalty Kill
Stars - 5 on 5 Attempt(s) - 100.00% - Score 0 goal in Penalty Kill

Official

Referees : Unknown
Linesman : Unknown

Game Notes

Jamie Oleksiak beats up Mike Halmo at 1:05 of 1st period
Joey Mormina beats up Steven Delisle at 6:30 of 2nd period
Patrik Nemeth beats up Joey Mormina at 12:18 of 2nd period
Steven Delisle beats up Brendan Mikkelson at 12:26 of 2nd period
Patrik Nemeth is injured at 15:15 of 3rd period (Sprained Right Ankle)
Jamie Oleksiak beats up Wade Brookbank at 17:19 of 3rd period
Justin Shugg has scored in a empty net!

Finance

Level 1 -- Attendance: 1560 (78.00%) -- Ticket Income $54,600
Level 2 -- Attendance: 700 (70.00%) -- Ticket Income $10,500
Total Attendance: 2260 (75.33%)
Total Ticket Income: $65,100
Other Income: $31,899
Total Income: $96,999

Sharks

5 vs 5 Forward 
   Center                   Left Wing                Right Wing               Time % Phy DF OF 
 1 Alexandre Bolduc         David van der Gulik      Luke Glendening          35     1   2  2  
 2 Louis Leblanc            Mike Halmo               Tom Kostopoulos          30     1   2  2  
 3 Bobby Farnham            Marek Hrivik             Farm Player19            22     1   2  2  
 4 Luke Glendening          Ryan Hamilton            Tom Kostopoulos          13     1   2  2  

5 vs 5 Defense 
   Defense                  Defense                                           Time % Phy DF OF 
 1 Brendan Mikkelson        Mark Barberio                                     35     1   2  2  
 2 Patrick McNeill          Joey Mormina                                      30     1   2  2  
 3 Wade Brookbank           Farm Player14                                     22     1   2  2  
 4 Brendan Mikkelson        Mark Barberio                                     13     1   2  2  

PowerPlay Forward 
   Center                   Left Wing                Right Wing               Time % Phy DF OF 
 1 Alexandre Bolduc         David van der Gulik      Luke Glendening          60     1   2  2  
 2 Louis Leblanc            Mike Halmo               Tom Kostopoulos          40     1   2  2  

PowerPlay Defense
   Defense                  Defense                                           Time % Phy DF OF 
 1 Brendan Mikkelson        Mark Barberio                                     60     1   2  2  
 2 Patrick McNeill          Joey Mormina                                      40     1   2  2  

Penalty Kill 4 Players Forward 
   Center                   Wing                     Time % Phy DF OF 
 1 Luke Glendening          Tom Kostopoulos          60     1   2  2  
 2 Alexandre Bolduc         David van der Gulik      40     1   2  2  

Penalty Kill 4 Players Defense
   Defense                  Defense                  Time % Phy DF OF 
 1 Brendan Mikkelson        Mark Barberio            60     1   2  2  
 2 Patrick McNeill          Joey Mormina             40     1   2  2  

Penalty Kill - 3 Players Forward 
   Forward                                           Time % Phy DF OF 
 1 Luke Glendening                                   60     1   2  2  
 2 Tom Kostopoulos                                   40     1   2  2  

Penalty Kill - 3 Players Defense
   Defense                  Defense                  Time % Phy DF OF 
 1 Brendan Mikkelson        Mark Barberio            60     1   2  2  
 2 Patrick McNeill          Joey Mormina             40     1   2  2  

4 vs 4 Forward 
   Center                   Wing                     Time % Phy DF OF 
 1 Luke Glendening          Tom Kostopoulos          60     1   2  2  
 2 Alexandre Bolduc         David van der Gulik      40     1   2  2  

4 vs 4 Defense
   Defense                  Defense                  Time % Phy DF OF 
 1 Brendan Mikkelson        Mark Barberio            60     1   2  2  
 2 Patrick McNeill          Joey Mormina             40     1   2  2  

Last Minutes Offensive
   Center                   Left Wing                Right Wing               Defense                  Defense                  
   Alexandre Bolduc         David van der Gulik      Luke Glendening          Brendan Mikkelson        Mark Barberio            

Last Minutes Defensive
   Center                   Left Wing                Right Wing               Defense                  Defense                  
   Alexandre Bolduc         David van der Gulik      Luke Glendening          Brendan Mikkelson        Mark Barberio            

Goaltenders
Starting : Dov Grumet-Morris        
Backup : Aaron Dell               

Extra Forwards
Normal : Marek Hrivik, Ryan Hamilton, Bobby Farnham - PP : Marek Hrivik, Ryan Hamilton - PK : Bobby Farnham
Extra Defensemen
Normal : Wade Brookbank, Farm Player14, Farm Player19 - PP : Wade Brookbank - PK : Farm Player14, Farm Player19
Penalty Shots
Luke Glendening, Tom Kostopoulos, Alexandre Bolduc, David van der Gulik, Mike Halmo

Stars

5 vs 5 Forward 
   Center                   Left Wing                Right Wing               Time % Phy DF OF 
 1 Zac Dalpe                Justin Shugg             Spencer Machacek         35     1   2  2  
 2 Brad Malone              Matt Watkins             Alexandre Grenier        30     1   2  2  
 3 Wacey Hamilton           Carter Bancks            Michael Davies           22     1   2  2  
 4 Spencer Machacek         Zac Dalpe                Vinny Saponari           13     1   2  2  

5 vs 5 Defense 
   Defense                  Defense                                           Time % Phy DF OF 
 1 Carlo Colaiacovo         Jamie Oleksiak                                    35     1   2  2  
 2 Cameron Gaunce           Patrik Nemeth                                     30     1   2  2  
 3 Austin Madaisky          Steven Delisle                                    22     1   2  2  
 4 Brett Ponich             Carlo Colaiacovo                                  13     1   2  2  

PowerPlay Forward 
   Center                   Left Wing                Right Wing               Time % Phy DF OF 
 1 Zac Dalpe                Justin Shugg             Spencer Machacek         60     1   2  2  
 2 Brad Malone              Matt Watkins             Alexandre Grenier        40     1   2  2  

PowerPlay Defense
   Defense                  Defense                                           Time % Phy DF OF 
 1 Carlo Colaiacovo         Jamie Oleksiak                                    60     1   2  2  
 2 Cameron Gaunce           Patrik Nemeth                                     40     1   2  2  

Penalty Kill 4 Players Forward 
   Center                   Wing                     Time % Phy DF OF 
 1 Spencer Machacek         Zac Dalpe                60     1   2  2  
 2 Justin Shugg             Brad Malone              40     1   2  2  

Penalty Kill 4 Players Defense
   Defense                  Defense                  Time % Phy DF OF 
 1 Carlo Colaiacovo         Jamie Oleksiak           60     1   2  2  
 2 Cameron Gaunce           Patrik Nemeth            40     1   2  2  

Penalty Kill - 3 Players Forward 
   Forward                                           Time % Phy DF OF 
 1 Spencer Machacek                                  60     1   2  2  
 2 Zac Dalpe                                         40     1   2  2  

Penalty Kill - 3 Players Defense
   Defense                  Defense                  Time % Phy DF OF 
 1 Carlo Colaiacovo         Jamie Oleksiak           60     1   2  2  
 2 Cameron Gaunce           Patrik Nemeth            40     1   2  2  

4 vs 4 Forward 
   Center                   Wing                     Time % Phy DF OF 
 1 Spencer Machacek         Zac Dalpe                60     1   2  2  
 2 Justin Shugg             Brad Malone              40     1   2  2  

4 vs 4 Defense
   Defense                  Defense                  Time % Phy DF OF 
 1 Carlo Colaiacovo         Jamie Oleksiak           60     1   2  2  
 2 Cameron Gaunce           Patrik Nemeth            40     1   2  2  

Last Minutes Offensive
   Center                   Left Wing                Right Wing               Defense                  Defense                  
   Zac Dalpe                Justin Shugg             Spencer Machacek         Carlo Colaiacovo         Jamie Oleksiak           

Last Minutes Defensive
   Center                   Left Wing                Right Wing               Defense                  Defense                  
   Zac Dalpe                Justin Shugg             Spencer Machacek         Carlo Colaiacovo         Jamie Oleksiak           

Goaltenders
Starting : Joey MacDonald           
Backup : Hannu Toivonen           

Extra Forwards
Normal : Michael Davies, Vinny Saponari, Carter Bancks - PP : Michael Davies, Vinny Saponari - PK : Carter Bancks
Extra Defensemen
Normal : Austin Madaisky, Steven Delisle, Brett Ponich - PP : Austin Madaisky - PK : Steven Delisle, Brett Ponich
Penalty Shots
Spencer Machacek, Zac Dalpe, Justin Shugg, Brad Malone, Alexandre Grenier

% Time on Ice - Sharks

Lines # - Real PCT - Wanted PCT - Time Play
Normal Forward
1 - 33% - 35% - 15:20
2 - 28% - 30% - 13:20
3 - 32% - 22% - 14:59
4 - 7% - 13% - 3:12
Normal Defense
1 - 35% - 35% - 16:29
2 - 33% - 30% - 15:21
3 - 22% - 22% - 10:23
4 - 10% - 13% - 4:38
PP Forward
1 - 50% - 60% - 4:37
2 - 50% - 40% - 4:34
PP Defense
1 - 40% - 60% - 3:38
2 - 60% - 40% - 5:33
PK Forward
1 - 100% - 60% - 3:14
2 - 0% - 40% - 0:00
PK Defense
1 - 42% - 60% - 1:22
2 - 58% - 40% - 1:52
PK3 Forward
1 - 0% - 60%
2 - 0% - 40%
PK3 Defense
1 - 0% - 60%
2 - 0% - 40%
44 Forward
1 - 100% - 60% - 0:44
2 - 0% - 40% - 0:00
44 Defense
1 - 52% - 60% - 0:23
2 - 48% - 40% - 0:21
Last Minute Offensive  - 0:00
Last Minute Defensive  - 0:00
Total
Forward - 60:00
Defense - 60:00

% Time on Ice - Stars

Lines # - Real PCT - Wanted PCT - Time Play
Normal Forward
1 - 28% - 35% - 13:04
2 - 32% - 30% - 14:48
3 - 30% - 22% - 13:58
4 - 10% - 13% - 4:35
Normal Defense
1 - 31% - 35% - 14:37
2 - 31% - 30% - 14:36
3 - 28% - 22% - 12:51
4 - 9% - 13% - 4:21
PP Forward
1 - 42% - 60% - 1:22
2 - 58% - 40% - 1:52
PP Defense
1 - 67% - 60% - 2:10
2 - 33% - 40% - 1:04
PK Forward
1 - 86% - 60% - 7:52
2 - 14% - 40% - 1:19
PK Defense
1 - 73% - 60% - 6:42
2 - 27% - 40% - 2:29
PK3 Forward
1 - 0% - 60%
2 - 0% - 40%
PK3 Defense
1 - 0% - 60%
2 - 0% - 40%
44 Forward
1 - 100% - 60% - 0:44
2 - 0% - 40% - 0:00
44 Defense
1 - 0% - 60% - 0:00
2 - 100% - 40% - 0:44
Last Minute Offensive  - 0:00
Last Minute Defensive  - 0:26
Total
Forward - 60:00
Defense - 60:00

Play by Play

1st period


0:01 of 1st period - Zac Dalpe wins face-off versus Alexandre Bolduc in neutral zone.
0:53 of 1st period - Tom Kostopoulos is hit by Jamie Oleksiak and loses puck.
1:05 of 1st period - Jamie Oleksiak beats up Mike Halmo.
1:05 of 1st period - Penalty to Jamie Oleksiak for Fighting.
1:05 of 1st period - Penalty to Mike Halmo for Fighting.
1:06 of 1st period - Wacey Hamilton wins face-off versus Bobby Farnham in neutral zone.
1:11 of 1st period - Icing by Wade Brookbank.
1:12 of 1st period - Bobby Farnham wins face-off versus Wacey Hamilton in Sharks zone.
1:34 of 1st period - Snap shot by Marek Hrivik.
1:34 of 1st period - Shot Blocked by Cameron Gaunce.
2:52 of 1st period - Snap shot by Matt Watkins.
2:52 of 1st period - Stopped by Dov Grumet-Morris without a rebound.
2:53 of 1st period - Louis Leblanc wins face-off versus Brad Malone in Sharks zone.
3:55 of 1st period - Alexandre Bolduc is hit by Steven Delisle and loses puck.
5:08 of 1st period - Snap shot by Zac Dalpe.
5:08 of 1st period - Stopped by Dov Grumet-Morris with a rebound.
5:27 of 1st period - Slapshot by Brad Malone.
5:27 of 1st period - Shot Misses the Net.
5:29 of 1st period - Snap shot by Brad Malone.
5:29 of 1st period - Deflect By Matt Watkins.
5:29 of 1st period - Stopped by Dov Grumet-Morris with a rebound.
5:37 of 1st period - Slapshot by Carlo Colaiacovo.
5:37 of 1st period - Deflect By Alexandre Grenier.
5:37 of 1st period - Stopped by Dov Grumet-Morris with a rebound.
6:36 of 1st period - Slapshot by Mark Barberio.
6:36 of 1st period - Deflect By Carlo Colaiacovo.
6:36 of 1st period - Stopped by Joey MacDonald without a rebound.
6:37 of 1st period - Zac Dalpe wins face-off versus Bobby Farnham in Stars zone.
8:05 of 1st period - Alexandre Grenier is hit by Alexandre Bolduc and loses puck.
8:20 of 1st period - Patrick McNeill is hit by Steven Delisle and loses puck.
9:13 of 1st period - Snap shot by Spencer Machacek.
9:13 of 1st period - Stopped by Dov Grumet-Morris with a rebound.
9:36 of 1st period - Slapshot by David van der Gulik.
9:36 of 1st period - Shot Misses the Net.
10:02 of 1st period - Wrist shot by Justin Shugg.
10:02 of 1st period - Shot Misses the Net.
10:42 of 1st period - Snap shot by Matt Watkins.
10:42 of 1st period - Shot Blocked by Tom Kostopoulos.
10:44 of 1st period - Wrist shot by Brad Malone.
10:44 of 1st period - Stopped by Dov Grumet-Morris with a rebound.
11:26 of 1st period - Slapshot by Mark Barberio.
11:26 of 1st period - Shot Misses the Net.
11:28 of 1st period - Slapshot by Mark Barberio.
11:28 of 1st period - Shot Blocked by Cameron Gaunce.
11:30 of 1st period - Snap shot by Bobby Farnham.
11:30 of 1st period - Shot Blocked by Michael Davies.
11:32 of 1st period - Slapshot by Brendan Mikkelson.
11:32 of 1st period - Shot Misses the Net.
11:38 of 1st period - Slapshot by Mark Barberio.
11:38 of 1st period - Shot Blocked by Carter Bancks.
12:27 of 1st period - Off-side.
12:28 of 1st period - Brad Malone wins face-off versus Bobby Farnham in neutral zone.
12:37 of 1st period - Snap shot by Bobby Farnham.
12:37 of 1st period - Stopped by Joey MacDonald with a rebound.
13:04 of 1st period - Wrist shot by Zac Dalpe.
13:04 of 1st period - Shot Blocked by Wade Brookbank.
14:19 of 1st period - Minor Penalty to Carter Bancks for High sticking.
14:20 of 1st period - Brad Malone wins face-off versus Tom Kostopoulos in Stars zone.
14:39 of 1st period - Wrist shot by Tom Kostopoulos.
14:39 of 1st period - Shot Misses the Net.
15:21 of 1st period - Snap shot by Mike Halmo.
15:21 of 1st period - Deflect By Tom Kostopoulos.
15:21 of 1st period - Stopped by Joey MacDonald with a rebound.
15:34 of 1st period - Minor Penalty to Alexandre Bolduc for Holding.
15:35 of 1st period - Spencer Machacek wins face-off versus Luke Glendening in Sharks zone.
16:19 of 1st period - Penalty to Carter Bancks is over, Carter Bancks is back on ice.
16:20 of 1st period - Joey Mormina is hit by Michael Davies and loses puck.
16:31 of 1st period - Slapshot by Carlo Colaiacovo.
16:31 of 1st period - Shot Blocked by Joey Mormina.
17:34 of 1st period - Penalty to Alexandre Bolduc is over, Alexandre Bolduc is back on ice.
17:43 of 1st period - Bobby Farnham is hit by Spencer Machacek.
18:00 of 1st period - Wrist shot by Alexandre Bolduc.
18:00 of 1st period - Stopped by Joey MacDonald with a rebound.
18:02 of 1st period - Wrist shot by Alexandre Bolduc.
18:02 of 1st period - Stopped by Joey MacDonald without a rebound.
18:03 of 1st period - Wacey Hamilton wins face-off versus Louis Leblanc in Stars zone.
18:16 of 1st period - Wrist shot by Tom Kostopoulos.
18:16 of 1st period - Stopped by Joey MacDonald with a rebound.
18:18 of 1st period - Snap shot by Tom Kostopoulos.
18:18 of 1st period - Deflect By Mike Halmo.
18:18 of 1st period - Stopped by Joey MacDonald with a rebound.
18:20 of 1st period - Snap shot by Mike Halmo.
18:20 of 1st period - Shot Misses the Net.
18:22 of 1st period - Wrist shot by Tom Kostopoulos.
18:22 of 1st period - Stopped by Joey MacDonald with a rebound.
19:08 of 1st period - Luke Glendening is hit by Michael Davies and loses puck.
19:29 of 1st period - Wrist shot by Carlo Colaiacovo.
19:29 of 1st period - Deflect By Zac Dalpe.
19:29 of 1st period - Stopped by Dov Grumet-Morris without a rebound.
19:30 of 1st period - Bobby Farnham wins face-off versus Zac Dalpe in Sharks zone.
19:30 of 1st period - Bobby Farnham is hit by Spencer Machacek.
19:43 of 1st period - Backhand shot by Mark Barberio.
19:43 of 1st period - Stopped by Joey MacDonald with a rebound.
Goals for this period are 0 for Sharks vs 0 for Stars.
Shots for this period are 9 for Sharks vs 7 for Stars.

2nd period


0:01 of 2nd period - Luke Glendening wins face-off versus Brad Malone in neutral zone.
0:06 of 2nd period - Snap shot by Mark Barberio.
0:06 of 2nd period - Stopped by Joey MacDonald without a rebound.
0:07 of 2nd period - Brad Malone wins face-off versus Alexandre Bolduc in Stars zone.
0:36 of 2nd period - Alexandre Bolduc is hit by Carlo Colaiacovo and loses puck.
1:05 of 2nd period - Minor Penalty to Spencer Machacek for Holding.
1:06 of 2nd period - Carter Bancks wins face-off versus Louis Leblanc in Stars zone.
2:29 of 2nd period - Jamie Oleksiak is hit by Joey Mormina.
3:05 of 2nd period - Penalty to Spencer Machacek is over, Spencer Machacek is back on ice.
3:32 of 2nd period - Snap shot by Marek Hrivik.
3:32 of 2nd period - Stopped by Joey MacDonald without a rebound.
3:33 of 2nd period - Zac Dalpe wins face-off versus Bobby Farnham in Stars zone.
4:20 of 2nd period - Backhand shot by Ryan Hamilton.
4:20 of 2nd period - Goal by Ryan Hamilton - Sharks : 1 - Stars : 0.
4:21 of 2nd period - Alexandre Bolduc wins face-off versus Zac Dalpe in neutral zone.
5:47 of 2nd period - Off-side.
5:48 of 2nd period - Bobby Farnham wins face-off versus Spencer Machacek in neutral zone.
6:12 of 2nd period - Bobby Farnham is hit by Steven Delisle and loses puck.
6:30 of 2nd period - Joey Mormina beats up Steven Delisle.
6:30 of 2nd period - Penalty to Steven Delisle for Fighting.
6:30 of 2nd period - Penalty to Joey Mormina for Fighting.
6:31 of 2nd period - Alexandre Bolduc wins face-off versus Wacey Hamilton in Sharks zone.
7:43 of 2nd period - Wrist shot by Mike Halmo.
7:43 of 2nd period - Stopped by Joey MacDonald with a rebound.
8:36 of 2nd period - Snap shot by Marek Hrivik.
8:36 of 2nd period - Stopped by Joey MacDonald with a rebound.
8:38 of 2nd period - Slapshot by Marek Hrivik.
8:38 of 2nd period - Shot Blocked by Austin Madaisky.
8:40 of 2nd period - Wrist shot by Bobby Farnham.
8:40 of 2nd period - Stopped by Joey MacDonald with a rebound.
8:42 of 2nd period - Snap shot by Marek Hrivik.
8:42 of 2nd period - Stopped by Joey MacDonald with a rebound.
8:44 of 2nd period - Snap shot by Marek Hrivik.
8:44 of 2nd period - Stopped by Joey MacDonald without a rebound.
8:45 of 2nd period - Zac Dalpe wins face-off versus David van der Gulik in Stars zone.
8:54 of 2nd period - Farm Player14 is hit by Spencer Machacek and loses puck.
9:04 of 2nd period - Icing by Patrick McNeill.
9:05 of 2nd period - Zac Dalpe wins face-off versus Luke Glendening in Sharks zone.
9:21 of 2nd period - Off-side.
9:22 of 2nd period - Wacey Hamilton wins face-off versus Bobby Farnham in neutral zone.
9:26 of 2nd period - Off-side.
9:27 of 2nd period - Wacey Hamilton wins face-off versus Bobby Farnham in neutral zone.
10:03 of 2nd period - Minor Penalty to Carter Bancks for Hooking.
10:04 of 2nd period - Alexandre Bolduc wins face-off versus Spencer Machacek in Stars zone.
10:17 of 2nd period - Carlo Colaiacovo is hit by David van der Gulik and loses puck.
11:30 of 2nd period - Penalty to Steven Delisle is over, Steven Delisle is back on ice.
12:03 of 2nd period - Penalty to Carter Bancks is over, Carter Bancks is back on ice.
12:17 of 2nd period - Snap shot by Michael Davies.
12:17 of 2nd period - Shot Misses the Net.
12:18 of 2nd period - Patrik Nemeth beats up Joey Mormina.
12:18 of 2nd period - Penalty to Patrik Nemeth for Fighting.
12:18 of 2nd period - Penalty to Joey Mormina for Fighting.
12:19 of 2nd period - Bobby Farnham wins face-off versus Brad Malone in Sharks zone.
12:24 of 2nd period - Brendan Mikkelson is hit by Alexandre Grenier and loses puck.
12:26 of 2nd period - Steven Delisle beats up Brendan Mikkelson.
12:26 of 2nd period - Penalty to Steven Delisle for Fighting.
12:26 of 2nd period - Penalty to Brendan Mikkelson for Fighting.
12:27 of 2nd period - Brad Malone wins face-off versus Alexandre Bolduc in Sharks zone.
13:03 of 2nd period - Slapshot by Mark Barberio.
13:03 of 2nd period - Deflect By David van der Gulik.
13:03 of 2nd period - Stopped by Joey MacDonald without a rebound.
13:04 of 2nd period - Zac Dalpe wins face-off versus Louis Leblanc in Stars zone.
13:19 of 2nd period - Wrist shot by Zac Dalpe.
13:19 of 2nd period - Shot Blocked by Patrick McNeill.
13:21 of 2nd period - Snap shot by Justin Shugg.
13:21 of 2nd period - Shot Misses the Net.
13:23 of 2nd period - Slapshot by Jamie Oleksiak.
13:23 of 2nd period - Shot Blocked by Wade Brookbank.
13:25 of 2nd period - Snap shot by Justin Shugg.
13:25 of 2nd period - Stopped by Dov Grumet-Morris with a rebound.
13:37 of 2nd period - Slapshot by Carlo Colaiacovo.
13:37 of 2nd period - Stopped by Dov Grumet-Morris with a rebound.
13:39 of 2nd period - Snap shot by Spencer Machacek.
13:39 of 2nd period - Goal by Spencer Machacek - Sharks : 1 - Stars : 1.
13:40 of 2nd period - Brad Malone wins face-off versus Luke Glendening in neutral zone.
13:47 of 2nd period - Wrist shot by Brad Malone.
13:47 of 2nd period - Stopped by Dov Grumet-Morris with a rebound.
14:03 of 2nd period - Matt Watkins is hit by Alexandre Bolduc and loses puck.
14:46 of 2nd period - Snap shot by Mike Halmo.
14:46 of 2nd period - Shot Misses the Net.
14:48 of 2nd period - Slapshot by Farm Player14.
14:48 of 2nd period - Shot Misses the Net.
16:02 of 2nd period - Ryan Hamilton is hit by Matt Watkins.
16:57 of 2nd period - Slapshot by Mike Halmo.
16:57 of 2nd period - Stopped by Joey MacDonald with a rebound.
17:12 of 2nd period - Icing by Tom Kostopoulos.
17:13 of 2nd period - Wacey Hamilton wins face-off versus Bobby Farnham in Sharks zone.
17:22 of 2nd period - Wrist shot by Wacey Hamilton.
17:22 of 2nd period - Shot Blocked by Patrick McNeill.
17:24 of 2nd period - Snap shot by Cameron Gaunce.
17:24 of 2nd period - Stopped by Dov Grumet-Morris with a rebound.
17:47 of 2nd period - Off-side.
17:48 of 2nd period - Alexandre Bolduc wins face-off versus Zac Dalpe in neutral zone.
17:51 of 2nd period - Spencer Machacek is hit by Brendan Mikkelson and loses puck.
18:20 of 2nd period - Alexandre Grenier is hit by Mark Barberio.
18:40 of 2nd period - Brett Ponich is hit by Louis Leblanc and loses puck.
18:53 of 2nd period - Carter Bancks is hit by Mike Halmo and loses puck.
19:06 of 2nd period - Patrick McNeill is hit by Wacey Hamilton and loses puck.
Goals for this period are 1 for Sharks vs 1 for Stars.
Shots for this period are 10 for Sharks vs 5 for Stars.

3rd period


0:01 of 3rd period - Alexandre Bolduc wins face-off versus Zac Dalpe in neutral zone.
0:07 of 3rd period - Snap shot by Zac Dalpe.
0:07 of 3rd period - Shot Blocked by David van der Gulik.
0:09 of 3rd period - Snap shot by Zac Dalpe.
0:09 of 3rd period - Shot Blocked by Mark Barberio.
0:15 of 3rd period - Wrist shot by Zac Dalpe.
0:15 of 3rd period - Stopped by Dov Grumet-Morris without a rebound.
0:16 of 3rd period - Alexandre Bolduc wins face-off versus Zac Dalpe in Sharks zone.
0:39 of 3rd period - Snap shot by David van der Gulik.
0:39 of 3rd period - Stopped by Joey MacDonald with a rebound.
1:13 of 3rd period - Snap shot by Tom Kostopoulos.
1:13 of 3rd period - Shot Blocked by Alexandre Grenier.
1:15 of 3rd period - Slapshot by Farm Player14.
1:15 of 3rd period - Shot Misses the Net.
1:17 of 3rd period - Snap shot by Tom Kostopoulos.
1:17 of 3rd period - Stopped by Joey MacDonald without a rebound.
1:18 of 3rd period - Bobby Farnham wins face-off versus Wacey Hamilton in Stars zone.
1:25 of 3rd period - Snap shot by Marek Hrivik.
1:25 of 3rd period - Stopped by Joey MacDonald without a rebound.
1:26 of 3rd period - Wacey Hamilton wins face-off versus Bobby Farnham in Stars zone.
1:35 of 3rd period - Wrist shot by Wacey Hamilton.
1:35 of 3rd period - Shot Misses the Net.
1:37 of 3rd period - Snap shot by Michael Davies.
1:37 of 3rd period - Stopped by Dov Grumet-Morris with a rebound.
1:39 of 3rd period - Snap shot by Carter Bancks.
1:39 of 3rd period - Stopped by Dov Grumet-Morris with a rebound.
1:41 of 3rd period - Snap shot by Michael Davies.
1:41 of 3rd period - Shot Misses the Net.
1:56 of 3rd period - Off-side.
1:57 of 3rd period - Alexandre Bolduc wins face-off versus Zac Dalpe in neutral zone.
3:05 of 3rd period - Louis Leblanc is hit by Matt Watkins.
3:52 of 3rd period - Matt Watkins is hit by Bobby Farnham and loses puck.
4:06 of 3rd period - Minor Penalty to Steven Delisle for Tripping.
4:07 of 3rd period - Spencer Machacek wins face-off versus Alexandre Bolduc in Stars zone.
4:15 of 3rd period - Carlo Colaiacovo is hit by Mark Barberio and loses puck.
4:40 of 3rd period - Slapshot by Mark Barberio.
4:40 of 3rd period - Stopped by Joey MacDonald with a rebound.
4:52 of 3rd period - Spencer Machacek is hit by Louis Leblanc and loses puck.
5:03 of 3rd period - Slapshot by Mike Halmo.
5:03 of 3rd period - Stopped by Joey MacDonald without a rebound.
5:04 of 3rd period - Spencer Machacek wins face-off versus Louis Leblanc in Stars zone.
5:28 of 3rd period - Icing by Tom Kostopoulos.
5:29 of 3rd period - Spencer Machacek wins face-off versus Louis Leblanc in Sharks zone.
5:38 of 3rd period - Snap shot by Zac Dalpe.
5:38 of 3rd period - Shot Blocked by Patrick McNeill.
5:56 of 3rd period - Jamie Oleksiak is hit by Alexandre Bolduc and loses puck.
6:06 of 3rd period - Penalty to Steven Delisle is over, Steven Delisle is back on ice.
6:13 of 3rd period - Slapshot by David van der Gulik.
6:13 of 3rd period - Shot Misses the Net.
6:52 of 3rd period - Bobby Farnham is hit by Carlo Colaiacovo.
6:58 of 3rd period - Slapshot by Brendan Mikkelson.
6:58 of 3rd period - Shot Blocked by Wacey Hamilton.
7:00 of 3rd period - Wrist shot by Marek Hrivik.
7:00 of 3rd period - Shot Misses the Net.
7:02 of 3rd period - Slapshot by Mark Barberio.
7:02 of 3rd period - Deflect By Carlo Colaiacovo.
7:02 of 3rd period - Stopped by Joey MacDonald with a rebound.
7:24 of 3rd period - Snap shot by Brad Malone.
7:24 of 3rd period - Stopped by Dov Grumet-Morris with a rebound.
7:51 of 3rd period - Luke Glendening is hit by Cameron Gaunce and loses puck.
8:02 of 3rd period - Patrik Nemeth is hit by Alexandre Bolduc and loses puck.
8:40 of 3rd period - Patrick McNeill is hit by Alexandre Grenier.
8:50 of 3rd period - Mike Halmo is hit by Zac Dalpe and loses puck.
8:57 of 3rd period - Snap shot by Spencer Machacek.
8:57 of 3rd period - Stopped by Dov Grumet-Morris with a rebound.
8:59 of 3rd period - Backhand shot by Spencer Machacek.
8:59 of 3rd period - Shot Misses the Net.
9:21 of 3rd period - Marek Hrivik is hit by Matt Watkins and loses puck.
9:26 of 3rd period - Wrist shot by Matt Watkins.
9:26 of 3rd period - Deflect By Alexandre Grenier.
9:26 of 3rd period - Shot Misses the Net.
9:26 of 3rd period - Puck is out of play.
9:27 of 3rd period - Bobby Farnham wins face-off versus Vinny Saponari in Sharks zone.
10:51 of 3rd period - Snap shot by Brad Malone.
10:51 of 3rd period - Deflect By Mark Barberio.
10:51 of 3rd period - Stopped by Dov Grumet-Morris with a rebound.
11:01 of 3rd period - Snap shot by Michael Davies.
11:01 of 3rd period - Shot Blocked by Brendan Mikkelson.
11:17 of 3rd period - Snap shot by Mike Halmo.
11:17 of 3rd period - Stopped by Joey MacDonald with a rebound.
11:57 of 3rd period - Snap shot by Carlo Colaiacovo.
11:57 of 3rd period - Stopped by Dov Grumet-Morris with a rebound.
11:59 of 3rd period - Wrist shot by Brad Malone.
11:59 of 3rd period - Goal by Brad Malone - Sharks : 1 - Stars : 2.
12:00 of 3rd period - Brad Malone wins face-off versus Bobby Farnham in neutral zone.
12:08 of 3rd period - Minor Penalty to Bobby Farnham for Interference.
12:09 of 3rd period - Luke Glendening wins face-off versus Zac Dalpe in Sharks zone.
12:54 of 3rd period - Joey Mormina is hit by Brad Malone and loses puck.
14:06 of 3rd period - Alexandre Bolduc is hit by Jamie Oleksiak and loses puck.
14:08 of 3rd period - Penalty to Bobby Farnham is over, Bobby Farnham is back on ice.
15:10 of 3rd period - Brendan Mikkelson is hit by Cameron Gaunce.
15:14 of 3rd period - Patrik Nemeth is hit by Mike Halmo and loses puck.
15:15 of 3rd period - Patrik Nemeth from Stars is injured at 15:15 of 3rd period (Sprained Right Ankle).
15:16 of 3rd period - Zac Dalpe wins face-off versus Alexandre Bolduc in Stars zone.
15:16 of 3rd period - Zac Dalpe is hit by Luke Glendening.
15:24 of 3rd period - Slapshot by Zac Dalpe.
15:24 of 3rd period - Shot Misses the Net.
15:26 of 3rd period - Snap shot by Jamie Oleksiak.
15:26 of 3rd period - Deflect By Zac Dalpe.
15:26 of 3rd period - Stopped by Dov Grumet-Morris with a rebound.
15:30 of 3rd period - Wrist shot by Justin Shugg.
15:30 of 3rd period - Stopped by Dov Grumet-Morris without a rebound.
15:31 of 3rd period - Zac Dalpe wins face-off versus Alexandre Bolduc in Sharks zone.
15:47 of 3rd period - Slapshot by Carlo Colaiacovo.
15:47 of 3rd period - Stopped by Dov Grumet-Morris with a rebound.
15:49 of 3rd period - Backhand shot by Spencer Machacek.
15:49 of 3rd period - Stopped by Dov Grumet-Morris with a rebound.
15:51 of 3rd period - Slapshot by Justin Shugg.
15:51 of 3rd period - Stopped by Dov Grumet-Morris with a rebound.
15:53 of 3rd period - Wrist shot by Justin Shugg.
15:53 of 3rd period - Stopped by Dov Grumet-Morris without a rebound.
15:54 of 3rd period - Brad Malone wins face-off versus Louis Leblanc in Sharks zone.
15:59 of 3rd period - Snap shot by Brad Malone.
15:59 of 3rd period - Shot Blocked by Louis Leblanc.
16:13 of 3rd period - Slapshot by Tom Kostopoulos.
16:13 of 3rd period - Stopped by Joey MacDonald with a rebound.
16:15 of 3rd period - Slapshot by Tom Kostopoulos.
16:15 of 3rd period - Deflect By Mike Halmo.
16:15 of 3rd period - Shot Misses the Net.
16:15 of 3rd period - Puck is out of play.
16:16 of 3rd period - Bobby Farnham wins face-off versus Wacey Hamilton in Stars zone.
16:21 of 3rd period - Slapshot by Mark Barberio.
16:21 of 3rd period - Stopped by Joey MacDonald with a rebound.
16:48 of 3rd period - Snap shot by Marek Hrivik.
16:48 of 3rd period - Stopped by Joey MacDonald with a rebound.
17:04 of 3rd period - Alexandre Bolduc is hit by Carter Bancks and loses puck.
17:11 of 3rd period - Carter Bancks is hit by Luke Glendening and loses puck.
17:19 of 3rd period - Jamie Oleksiak beats up Wade Brookbank.
17:19 of 3rd period - Penalty to Jamie Oleksiak for Fighting.
17:19 of 3rd period - Penalty to Wade Brookbank for Fighting.
17:19 of 3rd period - Penalty to Jamie Oleksiak for instigated a fight.
17:19 of 3rd period - Penalty to Jamie Oleksiak for instigated a fight.
17:20 of 3rd period - Alexandre Bolduc wins face-off versus Spencer Machacek in Stars zone.
17:25 of 3rd period - Backhand shot by Zac Dalpe.
17:25 of 3rd period - Stopped by Dov Grumet-Morris with a rebound.
17:51 of 3rd period - Snap shot by Alexandre Bolduc.
17:51 of 3rd period - Deflect By David van der Gulik.
17:51 of 3rd period - Shot Misses the Net.
17:51 of 3rd period - Puck is out of play.
17:52 of 3rd period - Louis Leblanc wins face-off versus Spencer Machacek in Stars zone.
17:53 of 3rd period - Slapshot by Tom Kostopoulos.
17:53 of 3rd period - Stopped by Joey MacDonald without a rebound.
17:54 of 3rd period - Mike Halmo wins face-off versus Spencer Machacek in Stars zone.
18:57 of 3rd period - Mark Barberio is hit by Brad Malone and loses puck.
19:04 of 3rd period - Sharks, Dov Grumet-Morris is pulled from the net.
19:19 of 3rd period - Penalty to Jamie Oleksiak is over, Carter Bancks is send on ice.
19:20 of 3rd period - Slapshot by Mark Barberio.
19:20 of 3rd period - Deflect By Tom Kostopoulos.
19:20 of 3rd period - Shot Misses the Net.
19:20 of 3rd period - Puck is out of play.
19:21 of 3rd period - Ron Wilson call a timeout for Sharks.
19:21 of 3rd period - Zac Dalpe wins face-off versus Louis Leblanc in Stars zone.
19:26 of 3rd period - Snap shot by Spencer Machacek.
19:26 of 3rd period - Shot Misses the Net.
19:42 of 3rd period - Snap shot by Spencer Machacek.
19:42 of 3rd period - Shot Blocked by Mike Halmo.
19:44 of 3rd period - Wrist shot by Zac Dalpe.
19:44 of 3rd period - Shot Misses the Net.
19:46 of 3rd period - Wrist shot by Justin Shugg.
19:46 of 3rd period - Goal by Justin Shugg - Sharks : 1 - Stars : 3.
19:46 of 3rd period - Dov Grumet-Morris from Sharks was sent back in the game.
19:47 of 3rd period - Alexandre Bolduc wins face-off versus Brad Malone in neutral zone.
19:50 of 3rd period - Slapshot by Mark Barberio.
19:50 of 3rd period - Stopped by Joey MacDonald with a rebound.
19:56 of 3rd period - Snap shot by Alexandre Grenier.
19:56 of 3rd period - Shot Misses the Net.
19:58 of 3rd period - Wrist shot by Austin Madaisky.
19:58 of 3rd period - Shot Blocked by Mark Barberio.
Goals for this period are 0 for Sharks vs 2 for Stars.
Shots for this period are 12 for Sharks vs 16 for Stars.


Output by the SimonT Hockey Simulator (STHS) for Eric Dolegowski -- Original Page W3C XHTML 1.0 Valid
Hockey Simulator - Hockey Simulation - Hockey Manager